 Dungeon Sprint DCSS version 0.29-a0-824-gd827844252 (webtiles) character file.

Game seed: 15619640261780070471

16802 mhtbhm the Warrior (level 12, -3/123 (127) HPs)
             Began as a Minotaur Fighter on July 10, 2022.
             Was the Champion of Makhleb.
             Killed from afar by a lich (63 damage)
             ... with a bolt of cold
             ... in the Dungeon (Sprint IX: "|||||||||||||||||||||||||||||").
             The game lasted 00:05:47 (3952 turns).

mhtbhm the Warrior (Minotaur Fighter)               Turns: 3952, Time: 00:05:48

HP:   -3/123 (127)  AC: 14    Str: 29    XL:     12   Next: 13%
MP:   0/18          EV: 11    Int:  5    God:    Makhleb [******]
Gold: 1185          SH: 20    Dex: 13    Spells: 11/11 levels left

rFire   . . .      SeeInvis .   a - +4 war axe (drain)
rCold   . . .      Faith    .   c - +1 tower shield
rNeg    . . .      Spirit   .   b - +0 swamp dragon scales
rPois   +          Reflect  .   (helmet restricted)
rElec   .          Harm     .   z - scarf {repulsion}
rCorr   .          Rampage  .   y - +0 pair of gloves {infuse}
Will    .....      NoTele   +   (no boots)
Stlth   ++........              (no amulet)
HPRegen 0.30/turn               p - +3 ring of strength
MPRegen 0.16/turn               o - +3 ring of dexterity

@: slowed, lightly drained, repel missiles, very slow
A: horns 2, retaliatory headbutt
a: Renounce Religion, Minor Destruction, Lesser Servant of Makhleb, Major
Destruction, Greater Servant of Makhleb


You were in the Dungeon.
You worshipped Makhleb.
Makhleb was exalted by your worship.
You visited 1 branch You collected 1910 gold pieces.
You spent 725 gold pieces at shops.

Inventory:

Hand Weapons
 a - a +4 war axe of draining (weapon)
 I - the +8 Wrath of Trog {antimagic, *Rage Rampage}
   (You found it in the Dungeon)

   It reduces the magical energy of the wielder, and disrupts the spells and
   magical abilities of those it strikes.
   Natural abilities and divine invocations are not affected.
   It causes slowness and exhaustion when equipped.
   It extends the wielder's berserk rage when killing foes.
   *Rage:     It berserks you when you make melee attacks (+50% chance).
   Rampage:   It bestows one free step when moving towards enemies.
Missiles
 q - a curare-tipped dart (quivered)
 B - a throwing net
Armour
 b - +0 swamp dragon scales (worn)
 c - a +1 tower shield (worn)
 n - a +0 pair of gloves
 x - a +0 cloak
 y - a +0 pair of gloves of infusion (worn)
 z - a scarf of repulsion (worn)
Jewellery
 o - a +3 ring of dexterity (right hand)
 p - a +3 ring of strength (left hand)
 w - a ring of flight
 E - a ring of fire
 F - a ring of fire
 G - an amulet of faith
 H - a ring of poison resistance
Wands
 C - a wand of paralysis (6)
Scrolls
 j - a scroll of blinking
 l - 2 scrolls of amnesia
 t - 3 scrolls of identify
 u - 9 scrolls of enchant armour
 v - 2 scrolls of fog
Potions
 d - a potion of might
 e - 4 potions of curing
 f - 5 potions of heal wounds
 g - 4 potions of haste
 h - 4 potions of magic
 i - 2 potions of berserk rage
 k - a potion of invisibility
 m - 3 potions of brilliance
 r - a potion of resistance
 s - a potion of flight
 A - 3 potions of lignification
 D - a potion of attraction {unknown}
 J - a potion of mutation


   Skills:
 + Level 18.2 Fighting
 + Level 2.9(11.8) Axes
 + Level 17.5(17.6) Maces & Flails
 + Level 0.4 Throwing
 + Level 16.7 Armour
 + Level 4.5 Dodging
 + Level 3.0 Stealth
 + Level 16.8 Shields
 * Level 10.0 Invocations
 + Level 5.6 Evocations


You had 11 spell levels left.
You didn't know any spells.
Your spell library contained the following spells:

 Spells                   Type           Power      Damage    Failure   Level
 Animate Dead             Necr           0%         N/A       100%        4
 Haunt                    Necr/Summ      0%         N/A       100%        7
 Infestation              Necr           0%         N/A       100%        8


Dungeon Overview and Level Annotations

Branches:
Dungeon (1/1)

Altars:
Cheibriados
Dithmenos
Elyvilon
Fedhas
Gozag
Hepliaklqana
Kikubaaqudgha
Makhleb
Nemelex Xobeh
Okawaru
Qazlal
Ru
Sif Muna
Trog
Uskayaw
Vehumet
Wu Jian
Xom
Yredelemnul
Zin
The Shining One
Jiyva
Lugonu

Shops:
D (([


Innate Abilities, Weirdness & Mutations

You have a pair of horns on your head.
You reflexively headbutt those who attack you in melee.


Message History

Your base Axes skill increases to level 2!
You slash the cyclops! You drain the cyclops.
You kill the cyclops!
Makhleb accepts your kill.
Your Invocations skill increases to level 10!
Unknown command.
Something touches you. Something hits you but does no damage.
Things that are here:
7 large rocks; a hydra corpse; a cyclops corpse Unknown command.
You closely miss something. Your headbutt misses something.
Something touches you.
You feel drained. Something touches you!
You slash something! You headbutt something!
You hear some strange, mumbled words.
You feel yourself slow down. Something hits you.
Something touches you but does no damage.
Unknown command.
You miss something. You headbutt something.
The cane toad changes into a salamander!
Something touches you but does no damage.
Something hits you. Something touches you.
Unknown command.
You hit something but do no damage. Your headbutt misses something.
The salamander changes into a guardian serpent!
Something touches you but does no damage.
Something touches you!
You feel drained. You block something's attack.
Something conjures a glowing orb.
You block the orb of destruction.
A red ugly thing comes into view.
You closely miss something. You headbutt something.
Something touches you but does no damage.
Something hits you!
Something touches you but does no damage.
Unknown command.
You slash something! Your headbutt misses something.
You hear some strange, mumbled words.
A bolt of cold appears from out of thin air!
The bolt of cold hits you!!!
Ouch! That really hurt!
You die...

▓.▓)▓.▓.▓.▓)▓
▓.▓.▓∩▓.▓.▓.▓[▓
▓u▓.▓.▓)▓.▓.▓)▓
▓D▓.▓∩▓.▓.▓.▓.▓
▓S▓.▓)▓.▓.▓.▓[▓
▓J▓.▓∩▓.▓.▓.▓.▓
▓.▓.▓.▓.▓.▓.▓.▓
▓{▓.▓.▓.▓.▓.▓)▓
▓@▓.▓)▓.▓.▓.▓.▓
▓†▓.▓.▓.▓.▓.▓.▓
▓.▓.▓.▓.▓'▓.▓'▓
▓.▓.▓'▓.▓.▓.▓_▓
▓.▓.▓.▓.▓.▓.▓_▓
▓.▓.▓.▓.▓.▓.▓_▓
▓.▓.▓.▓.▓.▓.▓_▓
▓.▓.▓.▓.▓.▓.▓_▓
▓.▓.▓.▓.▓.▓.▓_▓


You could see an ice dragon, a red ugly thing, a slime creature and a guardian
serpent shaped shifter.

Vanquished Creatures
  A dire elephant (D)
  Harold (D)
  2 hydras (D)
  2 two-headed ogres (D)
  2 centaur warriors (D)
  4 orc knights (D)
  2 ugly things (D)
  A manticore (D)
  2 cyclopes (D)
  A black mamba (D)
  8 elephants (D)
  A kobold demonologist (D)
  2 cane toads (D)
  A rime drake (D)
  A komodo dragon (D)
  4 yaks (D)
  A basilisk (D)
  3 water moccasins (D)
  22 orc warriors (D)
  An ice beast (D)
  A centaur (D)
  2 wolves (D)
  A kobold brigand (D)
  3 bullfrogs (D)
  2 gnoll sergeants (D)
  4 orc priests (D)
  A hound (D)
  A gnoll bouda (D)
  An orc wizard (D)
  A white imp (D)
  7 orcs (D)
  A bat (D)
  An endoplasm (D)
  A giant cockroach (D)
  A quokka (D)
  A ball python (D)
  A rat (D)
92 creatures vanquished.

Notes
Turn   | Place    | Note
-------+----------+-------------------------------------------
     0 | D        | mhtbhm the Minotaur Fighter began the quest for the Orb.
     0 | D        | Reached XP level 1. HP: 19/19 MP: 0/0
     7 | D        | Reached skill level 4 in Fighting
   110 | D        | Noticed a centaur
   110 | D        | Noticed an ice beast
   110 | D        | Noticed a hound
   114 | D        | Killed a hound
   115 | D        | Reached skill level 5 in Fighting
   115 | D        | Reached skill level 5 in Armour
   115 | D        | Reached skill level 5 in Shields
   115 | D        | Reached XP level 2. HP: 29/29 MP: 1/1
   115 | D        | Reached XP level 3. HP: 36/36 MP: 2/2
   119 | D        | Killed an ice beast
   120 | D        | Reached skill level 6 in Fighting
   120 | D        | Reached skill level 5 in Maces & Flails
   120 | D        | Reached XP level 4. HP: 32/45 MP: 3/3
   123 | D        | Reached skill level 7 in Fighting
   126 | D        | Killed a centaur
   127 | D        | Reached skill level 8 in Fighting
   127 | D        | Reached XP level 5. HP: 22/53 MP: 4/4
   132 | D        | Found a snail-covered altar of Cheibriados.
   132 | D        | Found a shadowy altar of Dithmenos.
   132 | D        | Found a white marble altar of Elyvilon.
   132 | D        | Found a blossoming altar of Fedhas.
   132 | D        | Found an opulent altar of Gozag.
   133 | D        | Found a hazy altar of Hepliaklqana.
   134 | D        | Found a viscous altar of Jiyva.
   135 | D        | Found an ancient bone altar of Kikubaaqudgha.
   136 | D        | Found a corrupted altar of Lugonu.
   137 | D        | Found a burning altar of Makhleb.
   138 | D        | Found a sparkling altar of Nemelex Xobeh.
   139 | D        | Found an iron altar of Okawaru.
   140 | D        | Found a stormy altar of Qazlal.
   141 | D        | Found a sacrificial altar of Ru.
   142 | D        | Found a shimmering blue altar of Sif Muna.
   143 | D        | Found a bloodstained altar of Trog.
   144 | D        | Found a hide-covered altar of Uskayaw.
   145 | D        | Became a worshipper of Makhleb the Destroyer
   309 | D        | Found a radiant altar of Vehumet.
   310 | D        | Found an ornate altar of the Wu Jian Council.
   311 | D        | Found a shimmering altar of Xom.
   312 | D        | Found a basalt altar of Yredelemnul.
   313 | D        | Found a glowing silver altar of Zin.
   314 | D        | Found a glowing golden altar of the Shining One.
   371 | D        | Noticed a yak
   371 | D        | Noticed a two-headed ogre
   375 | D        | Reached XP level 6. HP: 52/62 MP: 5/5
   380 | D        | Killed a yak
   380 | D        | Reached * piety under Makhleb
   381 | D        | Reached skill level 9 in Fighting
   383 | D        | Reached skill level 10 in Shields
   383 | D        | Reached XP level 7. HP: 26/71 MP: 6/6
   383 | D        | Killed a two-headed ogre
   383 | D        | Reached ** piety under Makhleb
   384 | D        | Reached skill level 11 in Fighting
   384 | D        | Reached skill level 10 in Maces & Flails
   384 | D        | Reached skill level 1 in Stealth
   384 | D        | Reached XP level 8. HP: 36/82 MP: 7/7
   595 | D        | Noticed a manticore
   595 | D        | Noticed a kobold demonologist
   595 | D        | Noticed a white ugly thing
   595 | D        | Noticed a centaur warrior
   595 | D        | Noticed a centaur warrior
   595 | D        | Noticed a two-headed ogre
   601 | D        | Killed a two-headed ogre
   602 | D        | Reached skill level 12 in Fighting
   607 | D        | Killed a centaur warrior
   608 | D        | Reached XP level 9. HP: 35/92 MP: 8/8
   608 | D        | Killed a manticore
   609 | D        | Reached skill level 13 in Fighting
   610 | D        | Noticed a soul eater
   610 | D        | Killed a centaur warrior
   610 | D        | Reached *** piety under Makhleb
   610 | D        | Killed a kobold demonologist
   613 | D        | Killed a white ugly thing
   614 | D        | Reached XP level 10. HP: 64/102 MP: 9/9
   861 | D        | Noticed a cane toad
   861 | D        | Noticed a black mamba
   874 | D        | Reached **** piety under Makhleb
   875 | D        | Reached skill level 1 in Invocations
   881 | D        | Killed a black mamba
   882 | D        | Reached skill level 14 in Fighting
   887 | D        | Killed a cane toad
   894 | D        | Reached ***** piety under Makhleb
   903 | D        | Reached skill level 15 in Maces & Flails
  1067 | D        | Noticed a cane toad
  1073 | D        | Reached skill level 5 in Evocations
  1076 | D        | Noticed an elephant
  1086 | D        | Reached skill level 1 in Dodging
  1094 | D        | Killed a cane toad
  1095 | D        | Reached skill level 15 in Shields
  1107 | D        | Killed an elephant
  1107 | D        | Reached ****** piety under Makhleb
  1108 | D        | Reached skill level 5 in Invocations
  1116 | D        | Reached skill level 15 in Fighting
  1321 | D        | Noticed an elephant
  1321 | D        | Noticed an elephant
  1321 | D        | Noticed an elephant
  1321 | D        | Noticed an elephant
  1321 | D        | Noticed an elephant
  1321 | D        | Noticed an elephant
  1321 | D        | Noticed a dire elephant
  1328 | D        | Killed an elephant
  1333 | D        | Killed an elephant
  1342 | D        | Noticed an elephant
  1357 | D        | Killed a dire elephant
  1358 | D        | Reached XP level 11. HP: 42/113 MP: 14/14
  1370 | D        | Reached skill level 15 in Armour
  1380 | D        | Reached skill level 16 in Fighting
  1773 | D        | Noticed an orc knight
  1794 | D        | Killed an orc knight
  2519 | D        | Reached skill level 17 in Fighting
  2542 | D        | Found Emiq's Armour Boutique.
  2542 | D        | Noticed an orc knight
  2542 | D        | Noticed an orc knight
  2544 | D        | Noticed an orc knight
  2853 | D        | Killed an orc knight
  3180 | D        | Killed an orc knight
  3205 | D        | Killed an orc knight
  3381 | D        | Found Dyuxuke's Antique Weapon Shop.
  3392 | D        | Found Nyeles's Distillery.
  3400 | D        | Found Rael's Weapon Shop.
  3509 | D        | Bought a +0 pair of gloves of infusion for 161 gold pieces
  3509 | D        | Bought a scarf of repulsion for 168 gold pieces
  3533 | D        | Bought a potion of heal wounds for 55 gold pieces
  3533 | D        | Bought a potion of haste for 110 gold pieces
  3533 | D        | Bought a potion of curing for 33 gold pieces
  3533 | D        | Bought a potion of heal wounds for 55 gold pieces
  3545 | D        | Bought a potion of lignification for 33 gold pieces
  3545 | D        | Bought 2 potions of lignification for 66 gold pieces
  3545 | D        | Bought a potion of brilliance for 44 gold pieces
  3706 | D        | Noticed Harold
  3720 | D        | Killed Harold
  3821 | D        | Found the +8 Wrath of Trog {antimagic, *Rage Rampage}
  3920 | D        | Noticed an ogre mage
  3920 | D        | Noticed a six-headed hydra
  3920 | D        | Noticed a cyan ugly thing
  3920 | D        | Noticed a four-headed hydra
  3926 | D        | Killed an eight-headed hydra
  3932 | D        | Noticed a lich
  3933 | D        | Killed a cyan ugly thing
  3934 | D        | Reached skill level 18 in Fighting
  3934 | D        | Reached skill level 1 in Axes
  3934 | D        | Reached XP level 12. HP: 110/127 MP: 10/18
  3941 | D        | Noticed an ice dragon
  3944 | D        | Killed a ten-headed hydra
  3946 | D        | Reached skill level 10 in Invocations
  3952 | D        | Killed from afar by a lich

Illustrated notes

Levels and vault maps discovered:
D:        linesprint [early_d, line_temple, items_1, d_10, items_2, lair_1,
          lair_end, items_3, orc_1, orc_end, items_4, d_15, swamp_1, shoals_1,
          snake_1, spider_1, d_20, vaults_1, items_5, swamp_end, shoals_end,
          snake_end, spider_end, vaults_end, d_27, items_6, zot_1, zot_end,
          crypt_end, forest_end, elf_end, slime_end, tomb_end, abyss_end,
          pan_hell_end]

Skill      XL: |  1  2  3  4  5  6  7  8  9 10 11 12 |
---------------+-------------------------------------+-----
Fighting       | 5 6 8 9 11 12 13 15 18 | 18.2
Armour         | 5 6 7 8 9 11 12 13 14 16 | 16.7
Shields        | 5 7 8 10 11 13 14 15 16 | 16.8
Maces & Flails | 3 5 6 7 9 10 12 14 16 17 | 17.5
Stealth        | 1 2 3 |  3.0
Evocations     | 2 3 4 5 |  5.6
Invocations    | 6 9 10 | 10.0
Dodging        | 2 4 |  4.5
Axes           | 1 2 |  2.9
Throwing       | |  0.4

Action                   |  1- 3 |  4- 6 |  7- 9 | 10-12 || total
-------------------------+-------+-------+-------+-------++-------
Melee: Flail             |    14 |     9 |    12 |   341 ||   376
       Headbutt          |     2 |     4 |     4 |    96 ||   106
       War axe           |       |       |       |    30 ||    30
Throw: Dart              |       |       |     1 |     1 ||     2
Evoke: Wand              |       |     5 |     5 |       ||    10
  Use: Potion            |       |     1 |       |     6 ||     7
       Scroll            |       |     1 |       |       ||     1
Armor: Scale mail        |     9 |     3 |       |       ||    12
       Chain mail        |       |     4 |     4 |    83 ||    91
       Swamp dragon scal |       |       |       |    18 ||    18
Dodge: Dodged            |     4 |     7 |     1 |    78 ||    90
Block: Buckler           |     4 |     5 |    12 |    71 ||    92
       Tower shield      |       |       |       |    35 ||    35

Table legend: (Time is in decaauts)
 A = Elapsed time spent in this place.
 B = Non-inter-level travel time spent in this place.
 C = Inter-level travel time spent in this place.
 D = Time resting spent in this place.
 E = Time spent auto-exploring this place.
 F = Levels seen in this place.
 G = Mean time per level.
                   A        B        C        D        E       F      G
               +--------+--------+--------+--------+--------+-----+--------+
         Total |   3866 |   3866 |      0 |   1206 |   1525 |   1 | 3866.0 |
       Dungeon |   3866 |   3866 |      0 |   1206 |   1525 |   1 | 3866.0 |
               +--------+--------+--------+--------+--------+-----+--------+

Top non-repeatable levels by time:
       D: 3866 daAuts
